MLB
COLORADO ROCKIES @ NEW YORK METS
04/25/2099
 
TOP OF THE 1ST
Colorado Rockies batting - Pitching for New York Mets : RHP Luis Manzano
Pitching: RHP Luis Manzano
Batting: LHB Glenn Sewell 0-0: Ball
1-0: Ball
2-0: Called Strike
2-1: TRIPLE (Flyball, 8RXD, EV 93.8 MPH)
Batting: RHB Mike Woodard 0-0: Swinging Strike
0-1: Ball
1-1: Foul Ball, location: 2F
1-2: Strikes out swinging
Batting: LHB Matt Beck 0-0: Fly out, F7 (Flyball, 7LM, EV 98.1 MPH)
Runner from 3rd tags up, SCORES, no throw by LF
Batting: RHB Kosuke Sakai 0-0: Foul Ball, location: 2F
0-1: Ball
1-1: Swinging Strike
1-2: Strikes out swinging
Top of the 1st over - 1 run, 1 hit, 0 errors, 0 left on base; Colorado 1 - New York 0
BOTTOM OF THE 1ST
New York Mets batting - Pitching for Colorado Rockies : RHP Rob Dillon
Pitching: RHP Rob Dillon
Batting: RHB Jose de la Rosa 0-0: Ball
1-0: Called Strike
1-1: Swinging Strike
1-2: Ball
2-2: Strikes out swinging
Batting: RHB Jeff Hestermann 0-0: Ball
1-0: Called Strike
1-1: Ball
2-1: SINGLE (Groundball, 13S, EV 64.4 MPH) (infield hit)
Batting: LHB Bill Hayden 0-0: Called Strike
0-1: Called Strike
0-2: Fly out, F8 (Flyball, 8RD, EV 101.9 MPH)
Batting: LHB Jason Nielsen 0-0: Called Strike
0-1: Ball
1-1: Called Strike
1-2: Strikes out swinging
Bottom of the 1st over - 0 runs, 1 hit, 0 errors, 1 left on base; Colorado 1 - New York 0
TOP OF THE 2ND
Colorado Rockies batting - Pitching for New York Mets : RHP Luis Manzano
Batting: LHB Jim Davis 0-0: Ground out 4-3 (Groundball, 4, EV 108.1 MPH)
Batting: LHB Jeremy Papish 0-0: Foul Ball, location: 7LMF
0-1: Foul Ball, location: 2F
0-2: Ball
1-2: Fly out, F7 (Line Drive, 7D, EV 96.3 MPH)
Batting: LHB Mike Keatts 0-0: Fly out, F9 (Line Drive, 9, EV 90.0 MPH)
Top of the 2nd over - 0 runs, 0 hits, 0 errors, 0 left on base; Colorado 1 - New York 0
BOTTOM OF THE 2ND
New York Mets batting - Pitching for Colorado Rockies : RHP Rob Dillon
Batting: RHB Jimmy Moore 0-0: Ball
1-0: Ground out 4-3 (Groundball, 4, EV 83.8 MPH)
Batting: LHB Tyler Brown 0-0: Ground out 5-3 (Groundball, 56, EV 83.8 MPH)
Batting: RHB Marty Krpan 0-0: Ball
1-0: Called Strike
1-1: SINGLE (Line Drive, 8LS, EV 96.9 MPH)
Batting: RHB Mitsuro Kishi 0-0: Ball
1-0: Ball
2-0: Ball
3-0: Called Strike
3-1: Base on Balls
Marty Krpan to second
Batting: RHB Tim Kingsley 0-0: SINGLE (Line Drive, 9S, EV 100.0 MPH)
Marty Krpan to third
Mitsuro Kishi to second
Runner from 3rd tries for Home, SAFE, throw by RF to home
Pitching: RHP Matthew Hodge
Batting: RHB Jose de la Rosa 0-0: Ball
1-0: Ball
2-0: Ball
3-0: Called Strike
3-1: Called Strike
3-2: Base on Balls
Mitsuro Kishi to third
Tim Kingsley to second
Batting: RHB Jeff Hestermann 0-0: Ball
1-0: Foul Ball, location: 5FF
1-1: Fly out, F9 (Flyball, 89S, EV 83.1 MPH)
Bottom of the 2nd over - 1 run, 2 hits, 0 errors, 3 left on base; Colorado 1 - New York 1
TOP OF THE 3RD
Colorado Rockies batting - Pitching for New York Mets : RHP Luis Manzano
Batting: RHB Orlando Serrano 0-0: Called Strike
0-1: Ball
1-1: Ball
2-1: Ground out 6-3 (Groundball, 6, EV 103.1 MPH)
Batting: LHB Jesus Pena 0-0: Foul Ball, location: 3F
0-1: Ball
1-1: SINGLE (Line Drive, 78S, EV 93.8 MPH)
Batting: LHB Glenn Sewell 0-0: Ball
1-0: Ball
2-0: Called Strike
2-1: Foul Ball, location: 7LMF
2-2: Strikes out swinging
Batting: RHB Mike Woodard 0-0: Ball
1-0: Ball
2-0: Fielders Choice at 2nd, 6-4 (Groundball, 6, EV 91.9 MPH)
Top of the 3rd over - 0 runs, 1 hit, 0 errors, 1 left on base; Colorado 1 - New York 1
BOTTOM OF THE 3RD
New York Mets batting - Pitching for Colorado Rockies : RHP Matthew Hodge
Batting: LHB Bill Hayden 0-0: Foul Ball, location: 25F
0-1: Foul Ball, location: 2F
0-2: Ball
1-2: Strikes out looking
Batting: LHB Jason Nielsen 0-0: Called Strike
0-1: Ball
1-1: Foul Ball, location: 7LMF
1-2: Fly out, F8 (Flyball, 8LD, EV 101.3 MPH)
Batting: RHB Jimmy Moore 0-0: Swinging Strike
0-1: Ball
1-1: Ball
2-1: Foul Ball, location: 2F
2-2: Foul Ball, location: 2F
2-2: Foul Ball, location: 5F
2-2: Foul Ball, location: 2F
2-2: Foul Ball, location: 2F
2-2: Ball
3-2: Fly out, F8 (Flyball, 8RD, EV 109.4 MPH)
Bottom of the 3rd over - 0 runs, 0 hits, 0 errors, 0 left on base; Colorado 1 - New York 1
TOP OF THE 4TH
Colorado Rockies batting - Pitching for New York Mets : RHP Luis Manzano
Batting: LHB Matt Beck 0-0: Ball
1-0: DOUBLE (Line Drive, 3D, EV 99.4 MPH)
Batting: RHB Kosuke Sakai 0-0: Ground out 4-3 (Groundball, 4, EV 103.1 MPH)
Matt Beck to third
Batting: LHB Jim Davis 0-0: Swinging Strike
0-1: Ball
1-1: Ball
2-1: Swinging Strike
2-2: Foul Ball, location: 3DF
2-2: Strikes out swinging
Batting: LHB Jeremy Papish 0-0: Ball
1-0: Called Strike
1-1: Ball
2-1: Ball
3-1: Foul Ball, location: 7LMF
3-2: Strikes out swinging
Top of the 4th over - 0 runs, 1 hit, 0 errors, 1 left on base; Colorado 1 - New York 1
BOTTOM OF THE 4TH
New York Mets batting - Pitching for Colorado Rockies : RHP Matthew Hodge
Batting: LHB Tyler Brown 0-0: Ground out 5-3 (Groundball, 56, EV 105.6 MPH)
Batting: RHB Marty Krpan 0-0: DOUBLE (Groundball, 5L, EV 105.0 MPH)
Batting: RHB Mitsuro Kishi 0-0: Ball
1-0: Called Strike
1-1: Swinging Strike
1-2: Strikes out looking
Batting: RHB Tim Kingsley 0-0: Foul Ball, location: 3DF
0-1: Swinging Strike
0-2: Ball
1-2: Foul Ball, location: 2F
1-2: Ball
2-2: Strikes out swinging
Bottom of the 4th over - 0 runs, 1 hit, 0 errors, 1 left on base; Colorado 1 - New York 1
TOP OF THE 5TH
Colorado Rockies batting - Pitching for New York Mets : RHP Luis Manzano
Batting: LHB Mike Keatts 0-0: Called Strike
0-1: Ground out U3 (Groundball, 3, EV 83.1 MPH)
Batting: RHB Orlando Serrano 0-0: Ball
1-0: Ball
2-0: DOUBLE (Line Drive, 78D, EV 100.0 MPH)
Batting: LHB Jesus Pena 0-0: SINGLE (Line Drive, 78M, EV 103.1 MPH)
Orlando Serrano to third
Runner from 3rd tries for Home, SAFE, throw by CF to home
Batting: LHB Glenn Sewell 0-0: Called Strike
0-1: Ball
1-1: Swinging Strike
1-2: SINGLE (Line Drive, 34D, EV 99.4 MPH)
Jesus Pena to second
Runner from 2nd tries for 3rd, SAFE, no throw by RF
Batting: RHB Mike Woodard 0-0: 3-RUN HOME RUN (Flyball, 9LD, EV 93.8 MPH), Distance : 337 ft
Pitching: LHP Rich Cerda
Batting: LHB Matt Beck 0-0: Ball
1-0: Foul Ball, location: 2LF
1-1: Ground out 3-1 (Groundball, 34, EV 80.0 MPH)
Batting: RHB Kosuke Sakai 0-0: Called Strike
0-1: Fly out, F8 (Flyball, 8RD, EV 101.3 MPH)
Top of the 5th over - 4 runs, 4 hits, 0 errors, 0 left on base; Colorado 5 - New York 1
BOTTOM OF THE 5TH
New York Mets batting - Pitching for Colorado Rockies : RHP Matthew Hodge
Batting: RHB Jose de la Rosa 0-0: Foul Ball, location: 9LSF
0-1: Ball
1-1: Foul Ball, location: 5DF
1-2: Fly out, F7 (Flyball, 7D, EV 91.9 MPH)
Pitching: RHP Danny Dudley
Batting: RHB Jeff Hestermann 0-0: Ball
1-0: SINGLE (Line Drive, 89S, EV 103.1 MPH)
Batting: LHB Bill Hayden 0-0: Ball
1-0: Called Strike
1-1: Ball
2-1: SINGLE (Groundball, 34D, EV 94.4 MPH)
Jeff Hestermann to second
Runner from 2nd tries for 3rd, SAFE, throw by RF made to third
Batting: LHB Jason Nielsen 0-0: Fly out, F8 (Flyball, 89M, EV 100.0 MPH)
Runner from 3rd tags up, SCORES, throw by CF
Pinch Hitting: SHB Marc Sakkal 0-0: Foul Ball, location: 3F
0-1: Ball
1-1: Called Strike
1-2: Fielders Choice at 2nd, 5-4 (Groundball, 5, EV 82.5 MPH)
Bottom of the 5th over - 1 run, 2 hits, 0 errors, 1 left on base; Colorado 5 - New York 2
TOP OF THE 6TH
Colorado Rockies batting - Pitching for New York Mets : LHP Rich Cerda
Now in LF: Marc Sakkal
Batting: LHB Jim Davis 0-0: Called Strike
0-1: Called Strike
0-2: Ball
1-2: Ball
2-2: Foul Ball, location: 2F
2-2: Strikes out swinging
Batting: LHB Jeremy Papish 0-0: Called Strike
0-1: Ball
1-1: Fly out, F5 (Popup, 25F, EV 80.6 MPH)
Batting: LHB Mike Keatts 0-0: Ball
1-0: Foul Ball, location: 2F
1-1: Called Strike
1-2: Strikes out swinging
Top of the 6th over - 0 runs, 0 hits, 0 errors, 0 left on base; Colorado 5 - New York 2
BOTTOM OF THE 6TH
New York Mets batting - Pitching for Colorado Rockies : RHP Danny Dudley
Batting: LHB Tyler Brown 0-0: Called Strike
0-1: Foul Ball, location: 5F
0-2: Ball
1-2: Ball
2-2: SOLO HOME RUN (Flyball, 89XD, EV 98.8 MPH), Distance : 412 ft
Batting: RHB Marty Krpan 0-0: Called Strike
0-1: Swinging Strike
0-2: Foul Ball, location: 2F
0-2: Strikes out swinging
Batting: RHB Mitsuro Kishi 0-0: Foul Ball, location: 2F
0-1: Ball
1-1: Foul Ball, location: 5DF
1-2: Strikes out swinging
Batting: RHB Tim Kingsley 0-0: Swinging Strike
0-1: Called Strike
0-2: Ball
1-2: Ball
2-2: SINGLE (Line Drive, 89S, EV 91.3 MPH)
Batting: RHB Jose de la Rosa 0-0: Foul Ball, location: 9LSF
0-1: Foul Ball, location: 25F
0-2: 2-RUN HOME RUN (Flyball, 78XD, EV 101.9 MPH), Distance : 397 ft
Pitching: RHP Vinny Herrick
Batting: RHB Jeff Hestermann 0-0: Called Strike
0-1: Swinging Strike
0-2: Ball
1-2: Ground out U3 (Groundball, 3, EV 78.8 MPH)
Bottom of the 6th over - 3 runs, 3 hits, 0 errors, 0 left on base; Colorado 5 - New York 5
TOP OF THE 7TH
Colorado Rockies batting - Pitching for New York Mets : LHP Rich Cerda
Batting: RHB Orlando Serrano 0-0: Ball
1-0: Ground out 5-3 (Groundball, 56, EV 96.9 MPH)
Pinch Hitting: SHB Brian Hatcher 0-0: Called Strike
0-1: Swinging Strike
0-2: Ground out U3 (Groundball, 3, EV 82.5 MPH)
Pinch Hitting: RHB Ricky Aguilera 0-0: Ball
1-0: Swinging Strike
1-1: Swinging Strike
1-2: Ball
2-2: Ball
3-2: Foul Ball, location: 5DF
3-2: Strikes out swinging
Top of the 7th over - 0 runs, 0 hits, 0 errors, 0 left on base; Colorado 5 - New York 5
BOTTOM OF THE 7TH
New York Mets batting - Pitching for Colorado Rockies : RHP Vinny Herrick
Now in LF: Tony Thomas
Now in CF: Jeremy Papish
Now in RF: Brian Hatcher
Batting: LHB Bill Hayden 0-0: Swinging Strike
0-1: Ball
1-1: Foul Ball, location: 2F
1-2: Strikes out swinging
Batting: LHB Jason Nielsen 0-0: Called Strike
0-1: Ball
1-1: Fly out, F8 (Flyball, 8LXD, EV 103.1 MPH)
Batting: SHB Marc Sakkal 0-0: Ball
1-0: Ball
2-0: Ball
3-0: Base on Balls
Batting: LHB Tyler Brown 0-0: Ball
1-0: Swinging Strike
1-1: Ball
2-1: Called Strike
2-2: SINGLE (Groundball, 4D, EV 95.0 MPH)
Marc Sakkal to second
Runner from 2nd tries for 3rd, SAFE, throw by CF made to third
Batting: RHB Marty Krpan 0-0: Ball
1-0: Fielders Choice at 2nd, 6-4 (Groundball, 6, EV 83.1 MPH)
Bottom of the 7th over - 0 runs, 1 hit, 0 errors, 2 left on base; Colorado 5 - New York 5
TOP OF THE 8TH
Colorado Rockies batting - Pitching for New York Mets : LHP Rich Cerda
Batting: RHB Mike Woodard 0-0: Ball
1-0: Foul Ball, location: 2F
1-1: Ground out 4-3 (Groundball, 4D, EV 104.4 MPH)
Batting: LHB Matt Beck 0-0: Ball
1-0: Foul Ball, location: 2F
1-1: Ball
2-1: Foul Ball, location: 9LMF
2-2: Strikes out swinging
Batting: RHB Kosuke Sakai 0-0: Called Strike
0-1: Swinging Strike
0-2: Ball
1-2: Foul Ball, location: 9LSF
1-2: Fly out, F8 (Line Drive, 8RD, EV 101.9 MPH)
Top of the 8th over - 0 runs, 0 hits, 0 errors, 0 left on base; Colorado 5 - New York 5
BOTTOM OF THE 8TH
New York Mets batting - Pitching for Colorado Rockies : RHP Vinny Herrick
Pinch Hitting: LHB Omar Gomez 0-0: Foul Ball, location: 7LSFF
0-1: Ball
1-1: Ball
2-1: Swinging Strike
2-2: Strikes out swinging
Batting: RHB Tim Kingsley 0-0: Ball
1-0: Ball
2-0: Ball
3-0: Called Strike
3-1: SINGLE (Line Drive, 7S, EV 103.1 MPH)
Pitching: RHP Doug Craig
Batting: RHB Jose de la Rosa 0-0: Ball
1-0: Foul Ball, location: 5F
1-1: Ball
2-1: Called Strike
2-2: Strikes out swinging
Batting: RHB Jeff Hestermann 0-0: Ball
1-0: Ball
2-0: Ball
3-0: Base on Balls
Tim Kingsley to second
Batting: LHB Bill Hayden 0-0: Foul Ball, location: 9LMFF
0-1: Ball
1-1: DOUBLE (Line Drive, 89D, EV 103.1 MPH)
Tim Kingsley scores
Jeff Hestermann to third
Runner from 3rd tries for Home, SAFE, throw by RF to trailing runner, SAFE at third!
Batting: LHB Jason Nielsen 0-0: Called Strike
0-1: Ball
1-1: Ground out 6-3 (Groundball, 6, EV 81.3 MPH)
Bottom of the 8th over - 2 runs, 2 hits, 0 errors, 1 left on base; Colorado 5 - New York 7
TOP OF THE 9TH
Colorado Rockies batting - Pitching for New York Mets : LHP Rich Cerda
Pitching: RHP Francisco Flores
Now at 3B: Chao Siew
Batting: LHB Jim Davis 0-0: Ball
1-0: Ground out 5-3 (Groundball, 5, EV 79.4 MPH)
Batting: LHB Jeremy Papish 0-0: Called Strike
0-1: Ball
1-1: Fly out, F6 (Popup, 56, EV 62.5 MPH)
Batting: LHB Mike Keatts 0-0: Ball
1-0: Ground out 4-3 (Groundball, 4, EV 103.1 MPH)
Top of the 9th over - 0 runs, 0 hits, 0 errors, 0 left on base; Colorado 5 - New York 7
Saturday, May 4th , 2024 - OOTP Baseball 24.11 Build 85